| TOP OF THE 1ST |
|
University of Oklahoma Sooners batting - Pitching for Louisiana State University Tigers : RHP Angel Pastor
|
|
Pitching: RHP Angel Pastor
|
|
|
Batting: RHB Kjeld Leen
|
0-0: Called Strike 0-1: Ball 1-1: Ball 2-1: Swinging Strike 2-2: Strikes out swinging
|
|
Batting: RHB Mike Blehm
|
0-0: Ball 1-0: Fly out, F7 (Flyball, 78S, EV 90.0 MPH)
|
|
Batting: RHB Suk Hahn
|
0-0: Called Strike 0-1: Swinging Strike 0-2: Ball 1-2: Ball 2-2: Foul Ball, location: 2F 2-2: Foul Ball, location: 2F 2-2: Strikes out swinging
|
| Top of the 1st over - 0 runs, 0 hits, 0 errors, 0 left on base; University of Oklahoma 0 - Louisiana State University 0 |
| BOTTOM OF THE 1ST |
|
Louisiana State University Tigers batting - Pitching for University of Oklahoma Sooners : RHP Chad Falgout
|
|
Pitching: RHP Chad Falgout
|
|
|
Batting: RHB Bernie Benavides
|
0-0: Ball 1-0: Ball 2-0: Foul Ball, location: 2F 2-1: Ball 3-1: Base on Balls
|
|
Batting: RHB Keith Ashton
|
0-0: SINGLE (Line Drive, 56, EV 98.1 MPH) Bernie Benavides to second
|
|
Batting: RHB Stewart Walker
|
0-0: Swinging Strike 0-1: SINGLE (Line Drive, 56D, EV 100.0 MPH) Bernie Benavides to third Keith Ashton to second
|
|
Batting: LHB Carsten Obenauer
|
0-0: Ball 1-0: Ball 2-0: Called Strike 2-1: Swinging Strike 2-2: Foul Ball, location: 2F 2-2: Fly out, F6 (Popup, 6M, EV 77.5 MPH)
|
|
Batting: LHB Matt Ellington
|
0-0: Foul Ball, location: 2F 0-1: Ball 1-1: Ball 2-1: Grounds into fielders choice U2 (Groundball, 2R, EV 70.6 MPH) Keith Ashton to third Stewart Walker to second
|
|
Batting: RHB David Olivarez
|
0-0: Ball 1-0: Ball 2-0: Ball 3-0: Called Strike 3-1: Base on Balls Keith Ashton scores Stewart Walker to third Matt Ellington to second
|
|
Batting: LHB Manny Grado
|
0-0: Ball 1-0: Foul Ball, location: 2F 1-1: Ball 2-1: Ball 3-1: Fielders Choice at 2nd, 5-4 (Groundball, 5, EV 85.6 MPH)
|
| Bottom of the 1st over - 1 run, 2 hits, 0 errors, 3 left on base; University of Oklahoma 0 - Louisiana State University 1 |
| TOP OF THE 2ND |
|
University of Oklahoma Sooners batting - Pitching for Louisiana State University Tigers : RHP Angel Pastor
|
|
Batting: RHB Alex Perez
|
0-0: Called Strike 0-1: Foul Ball, location: 2F 0-2: Foul Ball, location: 2F 0-2: Strikes out looking
|
|
Batting: SHB Orlando Uribe
|
0-0: Ground out 6-3 (Groundball, P, EV 90.6 MPH)
|
|
Batting: RHB Sugiarto Kartosuwiryo
|
0-0: Called Strike 0-1: Swinging Strike 0-2: Ball 1-2: Strikes out looking
|
| Top of the 2nd over - 0 runs, 0 hits, 0 errors, 0 left on base; University of Oklahoma 0 - Louisiana State University 1 |
| BOTTOM OF THE 2ND |
|
Louisiana State University Tigers batting - Pitching for University of Oklahoma Sooners : RHP Chad Falgout
|
|
Batting: RHB Bobby Hanson
|
0-0: Fly out, F5 (Popup, 5SF, EV 76.2 MPH)
|
|
Batting: SHB Brian Caruso
|
0-0: Called Strike 0-1: Fly out, F7 (Flyball, 78S, EV 88.1 MPH)
|
|
Batting: RHB Bernie Benavides
|
0-0: Foul Ball, location: 2F 0-1: Swinging Strike 0-2: Ball 1-2: Strikes out swinging, 2-3 out at first.
|
| Bottom of the 2nd over - 0 runs, 0 hits, 0 errors, 0 left on base; University of Oklahoma 0 - Louisiana State University 1 |
| TOP OF THE 3RD |
|
University of Oklahoma Sooners batting - Pitching for Louisiana State University Tigers : RHP Angel Pastor
|
|
Batting: RHB Sam Mason
|
0-0: Ball 1-0: Swinging Strike 1-1: Ball 2-1: Ball 3-1: Swinging Strike 3-2: Strikes out swinging
|
|
Batting: RHB David Stuckey
|
0-0: Called Strike 0-1: Ground out 4-3 (Groundball, 4M, EV 89.4 MPH)
|
|
Batting: RHB Ben Gappa
|
0-0: Ball 1-0: Called Strike 1-1: Foul Ball, location: 2F 1-2: Ball 2-2: Fly out, F7 (Flyball, 7D, EV 99.4 MPH)
|
| Top of the 3rd over - 0 runs, 0 hits, 0 errors, 0 left on base; University of Oklahoma 0 - Louisiana State University 1 |
| BOTTOM OF THE 3RD |
|
Louisiana State University Tigers batting - Pitching for University of Oklahoma Sooners : RHP Chad Falgout
|
|
Batting: RHB Keith Ashton
|
0-0: Ground out 6-3 (Groundball, 6D, EV 91.9 MPH)
|
|
Batting: RHB Stewart Walker
|
0-0: Ball 1-0: Ball 2-0: Ball 3-0: Swinging Strike 3-1: Base on Balls
|
|
Batting: LHB Carsten Obenauer
|
0-0: Called Strike Stewart Walker is caught stealing 2nd base 2-6 0-1: Ball 1-1: Swinging Strike 1-2: Foul Ball, location: 2F 1-2: Ball 2-2: Ball 3-2: Strikes out swinging
|
| Bottom of the 3rd over - 0 runs, 0 hits, 0 errors, 0 left on base; University of Oklahoma 0 - Louisiana State University 1 |
| TOP OF THE 4TH |
|
University of Oklahoma Sooners batting - Pitching for Louisiana State University Tigers : RHP Angel Pastor
|
|
Batting: RHB Kjeld Leen
|
0-0: Called Strike 0-1: Foul Ball, location: 2F 0-2: Ball 1-2: Strikes out swinging
|
|
Batting: RHB Mike Blehm
|
0-0: Foul Ball, location: 2F 0-1: Called Strike 0-2: Foul Ball, location: 2F 0-2: Foul Ball, location: 2F 0-2: Ball 1-2: Strikes out swinging
|
|
Batting: RHB Suk Hahn
|
0-0: Ball 1-0: Called Strike 1-1: SINGLE (Groundball, 34, EV 95.0 MPH)
|
|
Batting: RHB Alex Perez
|
0-0: Foul Ball, location: 2F 0-1: Foul Ball, location: 2F 0-2: Ball Suk Hahn is caught stealing 2nd base 2-4
|
| Top of the 4th over - 0 runs, 1 hit, 0 errors, 0 left on base; University of Oklahoma 0 - Louisiana State University 1 |
| BOTTOM OF THE 4TH |
|
Louisiana State University Tigers batting - Pitching for University of Oklahoma Sooners : RHP Chad Falgout
|
|
Batting: LHB Matt Ellington
|
0-0: Ground out 5-3 (Groundball, 56, EV 103.8 MPH)
|
|
Batting: RHB David Olivarez
|
0-0: Ball 1-0: Ball 2-0: SINGLE (Groundball, 56D, EV 96.2 MPH)
|
|
Batting: LHB Manny Grado
|
0-0: Ball 1-0: Fielders Choice at 2nd, 4-6 (Groundball, 4, EV 97.5 MPH)
|
|
Batting: RHB Bobby Hanson
|
0-0: Ball 1-0: Ball 2-0: Fielders Choice at 2nd, 6-4 (Groundball, 6, EV 89.4 MPH)
|
| Bottom of the 4th over - 0 runs, 1 hit, 0 errors, 1 left on base; University of Oklahoma 0 - Louisiana State University 1 |
| TOP OF THE 5TH |
|
University of Oklahoma Sooners batting - Pitching for Louisiana State University Tigers : RHP Angel Pastor
|
|
Batting: RHB Alex Perez
|
0-0: Called Strike 0-1: Ball 1-1: Swinging Strike 1-2: Ground out 4-3 (Groundball, 4MD, EV 81.2 MPH)
|
|
Batting: SHB Orlando Uribe
|
0-0: Called Strike 0-1: Ground out U3 (Groundball, 3, EV 84.4 MPH)
|
|
Batting: RHB Sugiarto Kartosuwiryo
|
0-0: Called Strike 0-1: Called Strike 0-2: Strikes out swinging
|
| Top of the 5th over - 0 runs, 0 hits, 0 errors, 0 left on base; University of Oklahoma 0 - Louisiana State University 1 |
| BOTTOM OF THE 5TH |
|
Louisiana State University Tigers batting - Pitching for University of Oklahoma Sooners : RHP Chad Falgout
|
|
Batting: SHB Brian Caruso
|
0-0: Ball 1-0: Fly out, F9 (Flyball, 89M, EV 90.6 MPH)
|
|
Batting: RHB Bernie Benavides
|
0-0: Foul Ball, location: 2F 0-1: Ball 1-1: Ball 2-1: Ball 3-1: Called Strike 3-2: Ground out 6-3 (Groundball, 6, EV 76.9 MPH)
|
|
Batting: RHB Keith Ashton
|
0-0: Ball 1-0: Ball 2-0: Ground out 6-3 (Groundball, 56, EV 102.5 MPH)
|
| Bottom of the 5th over - 0 runs, 0 hits, 0 errors, 0 left on base; University of Oklahoma 0 - Louisiana State University 1 |
| TOP OF THE 6TH |
|
University of Oklahoma Sooners batting - Pitching for Louisiana State University Tigers : RHP Angel Pastor
|
|
Batting: RHB Sam Mason
|
0-0: Ball 1-0: Called Strike 1-1: Foul Ball, location: 2F 1-2: Strikes out swinging
|
|
Batting: RHB David Stuckey
|
0-0: Ground out 6-3 (Groundball, 56, EV 78.8 MPH)
|
|
Batting: RHB Ben Gappa
|
0-0: Foul Ball, location: 2F 0-1: Foul Ball, location: 2F 0-2: Strikes out swinging, 2-3 out at first.
|
| Top of the 6th over - 0 runs, 0 hits, 0 errors, 0 left on base; University of Oklahoma 0 - Louisiana State University 1 |
| BOTTOM OF THE 6TH |
|
Louisiana State University Tigers batting - Pitching for University of Oklahoma Sooners : RHP Chad Falgout
|
|
Batting: RHB Stewart Walker
|
0-0: Called Strike 0-1: Fly out, F9 (Flyball, 9LS, EV 85.0 MPH)
|
|
Batting: LHB Carsten Obenauer
|
0-0: Called Strike 0-1: Ground out 1-3 (Groundball, 13, EV 65.0 MPH)
|
|
Batting: LHB Matt Ellington
|
0-0: Foul Ball, location: 2F 0-1: Ball 1-1: Ball 2-1: Foul Ball, location: 2F 2-2: Ground out 4-3 (Groundball, 34, EV 103.8 MPH)
|
| Bottom of the 6th over - 0 runs, 0 hits, 0 errors, 0 left on base; University of Oklahoma 0 - Louisiana State University 1 |
| TOP OF THE 7TH |
|
University of Oklahoma Sooners batting - Pitching for Louisiana State University Tigers : RHP Angel Pastor
|
|
Batting: RHB Kjeld Leen
|
0-0: Ball 1-0: Called Strike 1-1: Foul Ball, location: 2F 1-2: Hit by Pitch
|
|
Batting: RHB Mike Blehm
|
0-0: Ball Kjeld Leen steals 2nd, throwing error, E2 Kjeld Leen to third 1-0: Ground out 4-3 (Groundball, 4, EV 106.9 MPH)
|
|
Pitching: LHP Jabari Harris
|
|
|
Batting: RHB Suk Hahn
|
0-0: Ball 1-0: Foul Ball, location: 2F 1-1: Called Strike 1-2: Strikes out swinging
|
|
Batting: RHB Alex Perez
|
0-0: Ball 1-0: Ball 2-0: Called Strike 2-1: Ball 3-1: Swinging Strike 3-2: Ground out 6-3 (Groundball, P, EV 85.6 MPH)
|
| Top of the 7th over - 0 runs, 0 hits, 1 error, 1 left on base; University of Oklahoma 0 - Louisiana State University 1 |
| BOTTOM OF THE 7TH |
|
Louisiana State University Tigers batting - Pitching for University of Oklahoma Sooners : RHP Chad Falgout
|
|
Pitching: RHP Andy Cane
|
|
|
Batting: RHB David Olivarez
|
0-0: Called Strike 0-1: Ground out 6-3 (Groundball, 4M, EV 84.4 MPH)
|
|
Batting: LHB Manny Grado
|
0-0: Ball 1-0: Swinging Strike 1-1: Called Strike 1-2: Ball 2-2: Ball 3-2: Fly out, F9 (Flyball, 89M, EV 82.5 MPH)
|
|
Batting: RHB Bobby Hanson
|
0-0: Ball 1-0: Ball 2-0: Called Strike 2-1: Ball 3-1: Swinging Strike 3-2: Strikes out swinging
|
| Bottom of the 7th over - 0 runs, 0 hits, 0 errors, 0 left on base; University of Oklahoma 0 - Louisiana State University 1 |
| TOP OF THE 8TH |
|
University of Oklahoma Sooners batting - Pitching for Louisiana State University Tigers : LHP Jabari Harris
|
|
Batting: SHB Orlando Uribe
|
0-0: Ground out 6-3 (Groundball, P, EV 78.8 MPH)
|
|
Batting: RHB Sugiarto Kartosuwiryo
|
0-0: Called Strike 0-1: Called Strike 0-2: Ball 1-2: Foul Ball, location: 2F 1-2: Strikes out swinging
|
|
Batting: RHB Sam Mason
|
0-0: Called Strike 0-1: Ball 1-1: Ball 2-1: Foul Ball, location: 2F 2-2: Foul Ball, location: 2F 2-2: Foul Ball, location: 2F 2-2: Ball 3-2: Foul Ball, location: 2F 3-2: Ground out 6-3 (Groundball, 56, EV 106.2 MPH)
|
| Top of the 8th over - 0 runs, 0 hits, 0 errors, 0 left on base; University of Oklahoma 0 - Louisiana State University 1 |
| BOTTOM OF THE 8TH |
|
Louisiana State University Tigers batting - Pitching for University of Oklahoma Sooners : RHP Andy Cane
|
|
Batting: SHB Brian Caruso
|
0-0: Called Strike 0-1: Swinging Strike 0-2: Foul Ball, location: 2F 0-2: Ball 1-2: Strikes out swinging
|
|
Batting: RHB Bernie Benavides
|
0-0: Called Strike 0-1: Swinging Strike 0-2: Ball 1-2: Ground out 4-3 (Groundball, 4S, EV 83.1 MPH)
|
|
Batting: RHB Keith Ashton
|
0-0: Called Strike 0-1: Called Strike 0-2: Ball 1-2: Ball 2-2: Ball 3-2: Hit by Pitch
|
|
Batting: RHB Stewart Walker
|
0-0: Ball 1-0: Called Strike 1-1: Fly out, F8 (Line Drive, 89M, EV 103.8 MPH)
|
| Bottom of the 8th over - 0 runs, 0 hits, 0 errors, 1 left on base; University of Oklahoma 0 - Louisiana State University 1 |
| TOP OF THE 9TH |
|
University of Oklahoma Sooners batting - Pitching for Louisiana State University Tigers : LHP Jabari Harris
|
|
Pitching: LHP Luis Sandoval
|
|
|
Batting: RHB David Stuckey
|
0-0: Foul Ball, location: 2F 0-1: Foul Ball, location: 2F 0-2: Strikes out swinging
|
|
Pinch Hitting: LHB Pedro Marrero
|
0-0: Called Strike 0-1: Ball 1-1: Ground out 4-3 (Groundball, 4, EV 86.2 MPH)
|
|
Batting: RHB Kjeld Leen
|
0-0: SINGLE (Flyball, 8RS, EV 93.8 MPH)
|
|
Batting: RHB Mike Blehm
|
0-0: Fielders Choice at 2nd, 5-4 (Groundball, 5, EV 91.2 MPH)
|
| Top of the 9th over - 0 runs, 1 hit, 0 errors, 1 left on base; University of Oklahoma 0 - Louisiana State University 1 |
|